 Dungeon Crawl Stone Soup version 0.28.0 (webtiles) character file.

Game seed: 12682355712877309492

25 croobank the Firebug (level 3, -1/29 HPs)
             Began as a Human Cinder Acolyte on Feb 13, 2022.
             Was a High Priest of Ignis.
             Slain by a worm (11 damage)
             ... on level 2 of the Dungeon.
             The game lasted 00:04:07 (902 turns).

croobank the Firebug (Human Cinder Acolyte)          Turns: 902, Time: 00:04:08

Health: -1/29      AC:  2    Str: 14    XL:     3   Next: 20%
Magic:  2/5        EV: 11    Int: 16    God:    Ignis [*****.]
Gold:   28         SH:  0    Dex:  8    Spells: 2/4 levels left

rFire   + . .      SeeInvis .   a - -1 hand axe (flame)
rCold   . . .      Faith    .   (no shield)
rNeg    . . .      Spirit   .   k - +0 robe
rPois   .          Reflect  .   (no helmet)
rElec   .          Harm     .   (no cloak)
rCorr   .          Rampage  .   (no gloves)
Will    .....                   (no boots)
Stlth   +.........              e - amulet of magic regeneration
HPRegen 0.09/turn               (no ring)
MPRegen 0.49/turn               (no ring)

@: lethally poisoned (-1 -> -4)
A: no striking features
a: Renounce Religion, Fiery Armour, Foxfire Swarm, Rising Flame


You were on level 2 of the Dungeon.
You worshipped Ignis.
Ignis was extremely pleased with you.
You visited 1 branch of the dungeon, and saw 2 of its levels.

You collected 28 gold pieces.

Inventory:

Hand Weapons
 a - a -1 hand axe of flaming (weapon)
 b - a +0 hunting sling
 g - a +0 short sword
Missiles
 j - 77 bolts
Armour
 f - a +0 scale mail
 k - a +0 robe (worn)
Jewellery
 e - an amulet of magic regeneration (around neck)
Scrolls
 d - a scroll of immolation {unknown}
 h - a scroll of enchant weapon {unknown}
Potions
 i - a potion of lignification {unknown}


   Skills:
 + Level 3.3 Fighting
 + Level 3.3 Axes
 + Level 1.4 Spellcasting
 + Level 3.3 Fire Magic


You had 2 spell levels left.
You knew the following spells:

 Your Spells              Type           Power      Damage    Failure   Level
a - Scorch                Fire           22%        2d6       9%          2

Your spell library contained the following spells:

 Spells                   Type           Power      Damage    Failure   Level
 Magic Dart               Conj           4%         1d3       22%         1
 Call Imp                 Summ           1%         N/A       32%         2
 Mephitic Cloud           Conj/Pois/Air  1%         N/A       54%         3


Dungeon Overview and Level Annotations

Branches:
Dungeon (2/15)

Altars:

Shops:
D:1 (


Message History

The adder bites you.
* * * LOW HITPOINT WARNING * * *
You are lethally poisoned!
The adder poisons you!
Casting: Scorch (safe; 11% risk of failure)
Confirm with . or Enter, or press ? or * to list all spells.
Flames lash the worm.
The worm is moderately wounded.
The worm's fire resistance burns away.
* * * LOW HITPOINT WARNING * * *
You feel sick. The adder barely misses you. The adder bites you.
* * * LOW HITPOINT WARNING * * *
It was a potion of heal wounds.
You feel much better.
You feel sick. The adder bites you.
You barely miss the adder.
The adder is severely wounded.
You feel sick. The adder bites you.
You are more poisoned.
The adder poisons you!
Casting: Scorch (safe; 11% risk of failure)
Confirm with . or Enter, or press ? or * to list all spells.
Flames lash the adder.
The adder is burned terribly!
You kill the adder!
You feel sick.
You have reached level 3!
Your experience leads to an increase in your attributes!
Increase (S)trength, (I)ntelligence, or (D)exterity?
You feel clever. x2
You hit the worm. You burn the worm.
The worm is severely wounded.
You feel sick.
The worm is no longer more vulnerable to fire.
The worm bites you.
You barely miss the worm.
The worm is severely wounded.
You feel sick.
You hit the worm. You burn the worm.
The worm is severely wounded.
You feel sick. The worm bites you!
You die...

.$.... .. ....###.
# ##.#..#.#
##.###.......###..
#.......#.......
#..##...##.<.#
#.......##<..###..
#.###..#w#........
#.###@†....#.# ##
#.#..##.#
...#.......
#<..##.##.### #...
.# # .... .# ##...
.# .... ..


You could see a worm.

Vanquished Creatures
  An adder (D:2)
  An endoplasm (D:1)
  2 giant cockroaches (D:1)
  3 hobgoblins (D:1)
  A kobold (D:1)
  2 ball pythons
  4 bats
  A frilled lizard (D:1)
15 creatures vanquished.

Notes
Turn   | Place    | Note
-------+----------+-------------------------------------------
     0 | D:1      | croobank the Human Cinder Acolyte began the quest for the
                  | Orb.
     0 | D:1      | Reached XP level 1. HP: 18/18 MP: 2/2
     2 | D:1      | Noticed a felid
     2 | D:1      | Noticed a dwarf
     4 | D:1      | Noticed a formicid
     4 | D:1      | Noticed a ghoul
     6 | D:1      | Noticed a merfolk
     8 | D:1      | Noticed a tengu
     8 | D:1      | Noticed a troll
    10 | D:1      | Noticed a demonspawn
    12 | D:1      | Noticed an elf
    12 | D:1      | Noticed a vampire
    14 | D:1      | Noticed a vine stalker
    16 | D:1      | Noticed an octopode
    16 | D:1      | Noticed a minotaur
    20 | D:1      | Noticed an ogre
    20 | D:1      | Noticed a human
    22 | D:1      | Noticed a gargoyle
    22 | D:1      | Noticed a naga
    24 | D:1      | Noticed a draconian
    24 | D:1      | Noticed a spriggan
    26 | D:1      | Noticed a demigod
   369 | D:1      | Reached XP level 2. HP: 23/24 MP: 3/3
   372 | D:1      | Learned a level 2 spell: Scorch
   410 | D:1      | Found Efanu's Weapon Emporium.
   900 | D:2      | Reached XP level 3. HP: 21/29 MP: 0/5
   902 | D:2      | Slain by a worm

Illustrated notes

Levels and vault maps discovered:
D:1:      kb_arrival_jail, layout_basic, serial_shops,
          nicolae_shop_bloodbath_and_beyond
D:2:      layout_loops_ring, nicolae_ecumenical_lake_church, minivault_5

Action                   || total
-------------------------++-------
Melee: Hand axe          ||    45
 Cast: Scorch            ||    10
  Use: Potion            ||     1
 Stab: Sleeping          ||     1
Armor: Robe              ||    15
Dodge: Dodged            ||    39
